Cogmind - Beta 15 @@@ ROGUE MODE // 2025.09.06 @ 23:20:45 Player: Tech Result: Destroyed by S-10 Pest with Light Assault Rifle Performance ------------- Evolutions (0) 0 Regions Visited (1) 200 Robots Destroyed (12) 60 Value Destroyed (144) 144 Prototype IDs (0) 0 Alien Tech Used (0) 0 Bonus (0) 0 TOTAL SCORE: 404 Bonus ------- None Cogmind --------- Core Integrity 0/250 Matter 300/300 Energy 100/100 System Corruption 0% Temperature Cool (6) Movement Core (50) Location -10/Materials Parts ------- > --- POWER (1) -------- (None) > --- PROPULSION (2) --- (None) > --- UTILITY (2) ------ Visual Processing Unit > --- WEAPON (2) ------- (None) > --- INVENTORY (5) ---- Flight Unit Small Laser Light Assault Rifle Light Assault Rifle Peak State ------------ > --- POWER ------------ Light Ion Engine > --- PROPULSION ------- Aluminum Leg Aluminum Leg > --- UTILITY ---------- Visual Processing Unit Improved Terrain Scanner > --- WEAPON ----------- Datajack Mining Claw > --- INVENTORY -------- Small Storage Unit Tractor Beam Small Laser Light Assault Rifle Light Assault Rifle [Rating: 10] Favorites ----------- Power Light Ion Engine Engine Light Ion Engine Propulsion Aluminum Leg Leg Aluminum Leg Flight Unit Flight Unit Utility Improved Terrain Scanner Device Improved Terrain Scanner Storage Small Storage Unit Processor Visual Processing Unit Weapon Mining Claw Energy Gun Small Laser Ballistic Gun Light Assault Rifle Slashing Weapon Mining Claw Special Melee Weapon Datajack Build | -11 -10 ------- Run | Yrd Mat Slots Evolved . | . . Power . | . . Propulsion . | . . Utility . | . . Weapon . | . . Parts Attached 17 | 7 10 Power 3 | 1 2 Engine 3 | 1 2 Core . | . . Reactor . | . . Propulsion 5 | 2 3 Treads . | . . Leg 2 | 2 . Wheel . | . . Hover . | . . Flight 3 | . 3 Utility 4 | 2 2 Device 2 | 1 1 Storage 1 | 1 . Processor 1 | . 1 Hackware . | . . Protection . | . . Artifact . | . . Weapon 5 | 2 3 Energy Gun 1 | 1 . Energy Cannon . | . . Ballistic Gun 2 | 1 1 Ballistic Cannon . | . . Launcher . | . . Special Weapon . | . . Impact Weapon . | . . Slashing Weapon 1 | . 1 Piercing Weapon . | . . Special Melee Weapon 1 | . 1 Unidentified Prototypes . | . . Parts Lost 7 | . 7 Power 1 | . 1 Propulsion 3 | . 3 Utility 1 | . 1 Weapon 2 | . 2 Highest Loss Streak 5 | . 5 To Critical Strikes . | . . Average Backups 2 | . 3 Power . | . . Propulsion . | . . Utility . | . . Weapon 1 | . 2 Tool/Special . | . . Unused Backups . | . . Power . | . . Propulsion . | . . Utility . | . . Weapon . | . . Tool/Special . | . . Average Slot Usage (%) 94 | . 94 Engine 13 | . 13 Leg 24 | . 24 Flight 1 | . 1 Device 19 | . 19 Storage 1 | . 1 Processor 6 | . 6 Energy Gun 1 | . 1 Ballistic Gun 5 | . 5 Slashing Weapon 11 | . 11 Special Melee Weapon 7 | . 7 Peak Build Rating 10 | 9 10 Average Rating 8 | 6 9 On Entrance 4 | . 9 Naked Turns . | . . Heaviest Build 11 | 11 11 Greatest Support 20 | 20 20 Greatest Overweight (x) 1 | . 1 Average Overweight (x) . | . . Largest Inventory Capacity 8 | 8 8 Average Capacity 5 | 7 5 Most Carried 5 | . 5 Average Carried 2 | . 3 Final Capacity 8 | 8 5 Final Carried 4 | . 4 Class Distribution -------------------- 100% | Mutant Dominant Class ---------------- Mutant | -10/Materials Resources | -11 -10 ----------- Run | Yrd Mat Matter Collected 385 | 237 148 Remotely 47 | . 47 Salvage Created 242 | 39 203 Parts 21 | 3 18 Haulers Intercepted . | . . Recyclers Shooed . | . . Parts Field Recycled . | . . Retrieved Matter . | . . Parts Self-Destructed . | . . Prevented . | . . Kills | -11 -10 ------- Run | Yrd Mat Combat Hostiles Destroyed 7 | . 7 Melee 7 | . 7 Classes Destroyed 5 | 2 3 Worker 3 | 1 2 Tunneler 1 | 1 . Watcher 1 | . 1 Swarmer 5 | . 5 Grunt 2 | . 2 Best Kill Streak 3 | 1 3 Combat Bots Only 3 | . 3 Max Kills in Single Turn 1 | 1 1 Gunslinging . | . . Exploded . | . . Melee 1 | . 1 Uniques/NPCs Destroyed . | . . Combat | -11 -10 -------- Run | Yrd Mat Hostile Shots Fired 90 | . 90 Missed 27 | . 27 Hits 63 | . 63 Projectile 63 | . 63 Critical Strikes 1 | . 1 Damage Taken 556 | . 556 Core 254 | . 254 Absorbed by Shields . | . . Core Remaining (%) 100 | 100 . Volleys Fired 21 | 15 6 Largest 2 | 2 2 Hottest 60 | 60 40 Shots Fired 37 | 30 7 Gun 37 | 30 7 Cannon . | . . Launcher . | . . Special . | . . Kinetic 22 | 15 7 Thermal 15 | 15 . Explosive . | . . Electromagnetic . | . . Robot Hit Streak 4 | 4 2 Robot Miss Streak 7 | 7 3 Penetration Max . | . . Secondary Targets . | . . Shots Hit Robots 31 | 14 17 Core Hits 15 | 4 11 Critical Kills . | . . Critical Parts Destroyed . | . . Critical Strikes . | . . Melee Attacks 28 | . 28 Impact . | . . Slashing 25 | . 25 Piercing . | . . Sneak Attacks 3 | . 3 Combat Hostiles . | . . Follow-up Attacks . | . . Damage Inflicted 561 | 136 425 Guns 154 | 136 18 Cannons . | . . Explosions . | . . Melee 407 | . 407 Ramming . | . . Kinetic 96 | 78 18 Thermal 58 | 58 . Explosive . | . . Electromagnetic . | . . Impact . | . . Slashing 407 | . 407 Piercing . | . . Highest Corruption . | . . Average Corruption . | . . Corruption Purged . | . . Corruption Blocked . | . . Overload Shots . | . . Overflow Damage 5 | . 5 Projectiles . | . . Explosions . | . . Melee 5 | . 5 Knockbacks . | . . Impact . | . . Kinetic . | . . Secondary . | . . Self-Inflicted Damage . | . . Shots . | . . Rammed . | . . Targets Rammed . | . . Kicked . | . . Crushed . | . . Highest Temperature 40 | 40 . Average Temperature 19 | 19 . Received Heat Transfer 66 | . 66 Siege Activations . | . . Martial Activations . | . . Shielding Activations . | . . Robots Disrupted . | . . Combat Hostiles . | . . Robots Corrupted . | . . Combat Hostiles . | . . Parts Fried . | . . Impact Corruptions . | . . Robots Melted . | . . Combat Hostiles . | . . Parts Melted . | . . Heat Transferred 125 | 125 . Parts Sabotaged . | . . Parts Stolen . | . . Parts Stripped . | . . Power Chain Reactions . | . . Alert | -11 -10 ------- Run | Yrd Mat Maximum Alert Level . | . . Low Security (%) 100 | 100 100 Level 1 . | . . Level 2 . | . . Level 3 . | . . Level 4 . | . . Level 5 . | . . High Security . | . . Max Security . | . . Peak Influence 46 | 5 46 Initial . | . . Average 6 | . 9 Influence Increases 212 | 10 202 Destroy 0b10 Robot/C 140 | . 140 Destroy 0b10 Robot/NC 25 | 10 15 Destroy Leader 32 | . 32 Lose Combat Pursuer 15 | . 15 Influence Decreases 176 | 10 166 Time Decay 106 | 10 96 Lost Part 70 | . 70 Squads Dispatched 3 | . 3 Investigation . | . . Extermination . | . . Reinforcement 3 | . 3 Assault . | . . Garrison . | . . Intercept . | . . Searches Triggered . | . . Construction Impeded . | . . Haulers Reinforced . | . . Active Scanning Responses . | . . Cargo Convoy Interrupts . | . . Stealth | -11 -10 --------- Run | Yrd Mat Distress Signals 2 | . 2 Communications Jammed . | . . Distress Signals . | . . Times Spotted 21 | . 21 Peak Tracking Total 8 | . 8 Tactical Retreats 1 | . 1 Traps | -11 -10 ------- Run | Yrd Mat Traps Triggered . | . . Indirectly . | . . Trap Hack Attempts . | . . Triggered . | . . Disarmed . | . . Reprogrammed . | . . Reused . | . . Traps Extracted . | . . Installed . | . . Triggered . | . . Machines | -11 -10 ---------- Run | Yrd Mat Machines Disabled . | . . Max in Single Turn . | . . Machines Repaired . | . . Machines Dismantled . | . . Machines Sabotaged . | . . Overloaded Fab Kills . | . . Hacking | -11 -10 --------- Run | Yrd Mat Machines Accessed 3 | . 3 Terminals 3 | . 3 Fabricators . | . . Repair Stations . | . . Recycling Units . | . . Scanalyzers . | . . Garrison Access . | . . Total Hacks 9 | . 9 Successful 5 | . 5 Failed 4 | . 4 Catastrophic . | . . Database Lockouts . | . . Manual . | . . Terminals 9 | . 9 Fabricators . | . . Repair Stations . | . . Recycling Units . | . . Scanalyzers . | . . Garrison Access . | . . Terminal Hacks 5 | . 5 Emergency Access Points 1 | . 1 Alert Level 1 | . 1 Locate Traps 2 | . 2 Zone Layout 1 | . 1 Fabricator Hacks . | . . Repair Station Hacks . | . . Recycling Unit Hacks . | . . Scanalyzer . | . . Garrison Access Hacks . | . . Unauthorized Hacks . | . . Terminals . | . . Fabricators . | . . Repair Stations . | . . Recycling Units . | . . Scanalyzers . | . . Garrison Access . | . . Data Cores Recovered . | . . Used . | . . Hacking Detections 3 | . 3 Full Trace Events . | . . Feedback Events . | . . Feedback Blocked . | . . Robot Schematics Acquired . | . . Robots Built . | . . Authchips . | . . Time . | . . Total Robot Build Rating . | . . Part Schematics Acquired . | . . Parts Built . | . . Authchips . | . . Time . | . . Total Part Build Rating . | . . Parts Repaired . | . . Time . | . . Parts Recycled . | . . Recycled Matter . | . . Retrieved Matter . | . . Retrieved Components . | . . Parts Scanalyzed . | . . Part Schematics Acquired . | . . Parts Damaged . | . . Bothacking | -11 -10 ------------ Run | Yrd Mat Used RIF Installer . | . . Robots Hacked 1 | . 1 Non-combat 1 | . 1 Combat . | . . Robot Hacks Applied 1 | . 1 parse_system 1 | . 1 Relay Couplers Released . | . . Fabnet Peak Effective % . | . . Robots Rewired . | . . Allies Hacked . | . . Hacks Repelled . | . . Allies | -11 -10 -------- Run | Yrd Mat Total Allies . | . . Largest Group . | . . Highest-Rated Group . | . . Highest-Rated Ally . | . . Total Orders . | . . Ally Attacks . | . . Total Damage . | . . Kills . | . . Allies Corrupted . | . . Allies Melted . | . . Intel | -11 -10 ------- Run | Yrd Mat Active Infowar (turns) 561 | 92 469 Optics 224 | . 224 Terrain 548 | 92 456 Robot Analysis Total . | . . Derelict Logs Recovered . | . . Drone Launches . | . . Drone Recoveries . | . . Exploration | -11 -10 ------------- Run | Yrd Mat Turns Passed 655 | 186 469 Spaces Moved 428 | 122 306 Core 21 | 18 3 Treads . | . . Legs 384 | 104 280 Wheels . | . . Hover . | . . Flight 23 | . 23 Fastest Speed 37 | 50 37 Average Speed 112 | 109 113 Slowest Speed 120 | 120 120 Overloaded Moves . | . . Propulsion Burnouts . | . . Robots Hopped . | . . Potential Cave-ins . | . . Cave-ins Triggered . | . . Exploration Rate (%) 26 | 5 48 Regions Visited 1 Branch Regions . Pre-discovered Areas . | . . Known Exits Taken . | . . Unknown Exits Taken 1 | 1 . Scrap Searched . | . . Spaces Dug . | . . Terrain Destroyed . | . . Melee . | . . Projectile . | . . AOE . | . . Terrain Rammed . | . . Walls Destroyed . | . . Machines Disabled . | . . Actions | -11 -10 --------- Run | Yrd Mat Total 515 | 143 372 Wait 7 | . 7 Move 427 | 121 306 Hop . | . . Pick Up 1 | . 1 Fast Attach 16 | 7 9 Attach . | . . Detach 6 | . 6 Swap 2 | . 2 Drop 7 | . 7 Fire 21 | 15 6 Melee 28 | . 28 Ram . | . . Kick . | . . Crush . | . . Escape Stasis . | . . Rewire . | . . Trap . | . . Miscellaneous . | . . Route ------- -11/Scrapyard -10/Materials (discovered 1 exit: [*Min]) History --------- Turn | Location | Event 6 | -11/Scrapyard | Discovered new exit (range 16) 187 | -11/Scrapyard | Entered Materials 310 | -10/Materials | Build established: Mutant 331 | -10/Materials | Discovered new exit (range 11) 642 | -10/Materials | Core integrity fell below 50% 652 | -10/Materials | Core integrity fell below 20% 656 | -10/Materials | Destroyed by S-10 Pest with Light Assault Rifle Last Messages --------------- Dropped Lgt. Ion Engine. Dropped Flight Unit. Dropped Aluminum Leg. Acquired Flight Unit. Dropped Sml. Storage Unit. Acquired 10 matter. Acquired Lgt. Ion Engine. K-01 Serf collects debris. W-16 Scout sends out distress signal. K-01 Serf collects debris. Flight Unit destroyed. S-10 Pest destroyed. Lgt. Ion Engine destroyed. K-01 Serf collects debris. Imp. Terrain Scanner destroyed. S-10 Pest destroyed. K-01 Serf collects debris. S-10 Pest destroyed. K-01 Serf destroyed. Mining Claw destroyed. Map ----- +----------------------------------------------------+ | # # !#= #?#?# ######## = # | | # # #"T"###+#+# """#???# # # # | | # # #"""#? # """###?# # ! # # | | # # ##### """ # """#???# # # # | | # + ###?# """ #! ##??# # # # | | # ! # #???# """ ###+######???# # "Y" + | | ######## ##??# ? #?# #?#??????# # """ # | | ???#???# #?#?#??"" #?# #???######+######## | | ???????# ##?#???"" ### #????# #???# | | #??????# #??????"" #?# #???## """ #???# | | ? ?????# #???? #?# #??### "T" #???# | | ???????# #?????? #?# #?##?# ##### | | ???????# #??#? ? ### ###### #?#?# | | ???????# #?????? !## = / !!! ##### | | ???????# #???#??##### ##### !! + | | ?????"?# ??????????## #???# !! ##### | | ???????? ???????????# #???# #??## | | ???????? ?????#????## ##??####+#####??## | | ???????? ????#??#### #####! ####### | | ???????? ??? ??? ## | | ???????? ??????? ## ########## | | ???????? ??????? ## #????????? | | ??????????????"? ## ##### ### ###???????? | | ???????????#???? ############# ####+####?##???? | | ???????????????? #???# s # # #??????? | | ?????????????##########*=@% =+ + #??????? | | ?????+ g ss*% *!#[ #?? ??????#????? | | ?????????????################## #??????????????? | | ???????????????????#??#???????# #???????#??????? | | ?????????????#????????????????# #??????#???????? | | ????????????????????????????#?# #??????????????? | | ???????????????????????#??????# #??????????????? | | ?????????????????????#??#????## #????#?????????? | | ??????????????????????????????# #??????????????? | | ??????????????????????????????# #??????#???????? | | ??????????????????????????????# #??????????????? | | ?????????????????????#???????## #?#???????#????? | | ?????????????????????????????## #?????????##???? | | ??????????????????????#???????# #??????????????? | | ??????????????????????????????# #??????????????? | | ??????????????????????????????# #??#???????????? | | ??????????????????????????????# #??????????????? | | ??????????????????????????????# #??????????????? | | ??????????????????????????????#####??????????????? | | ???????????????????????????????????????????#?????? | | ?????????????????????????????????????????????????? | | ?????????????????????????????????????????????????? | | ?????????????????????????????????????????????????? | | ?????????????????????????????????????????????????? | | ?????????????????????????????????????????????????? | +----------------------------------------------------+ Best States ------------- Heat Dissipation 25 Energy Generation 10 Energy Capacity 125 Matter Stores 300 Matter Capacity 300 Sight Range 18 Terrain Scan Range 16 Terrain Scan Density 10 Evasion (%) 62 Item Schematics ----------------- None Robot Schematics ------------------ None Fabricated ------------ Nothing Repaired ---------- Nothing Alien Tech Used ----------------- None Achievements -------------- None Challenges ------------ None Game ------ Seed SmallRestorationTerminator Manual? 0 Play Time 00:08:53 Cumulative 7.9 hours Start 2025.09.06 @ 23:11:16 End 2025.09.06 @ 23:20:45 Sessions 1 Manual Loads 0 Difficulty Rogue Special Mode None Game No. 12 Rogue 12 Adventurer 0 Explorer 0 Win Type - Total 0 Types 0/0/0/0/0/0/0/0/0/0 Lore% 1 Gallery% 11 Achievement% 10 Wizard Run 0 Options --------- Layout 1 ASCII 0 Keyboard 1 Movement Numpad Keybinds 0 Fullscreen 1 Font 32/SmallcapsGlow Map View 130x35 Zoom Use 0% Tactical HUD 0 Map Filters NONE Filters NONE Steam 1 RUN: e59b9ce1-abec-4505-990d-821e4da1d517